 Dungeon Crawl Stone Soup version 0.28.0-43-g3370ac3207 (webtiles) character file.

Game seed: 17653190396326878296

361 demenzo the Chucker (level 6, -7/66 HPs)
             Began as an Ogre Hunter on Mar 1, 2022.
             Mangled by an ogre
             ... wielding a +0 giant club
              (25 damage)
             ... on level 5 of the Dungeon.
             The game lasted 00:08:12 (6714 turns).

demenzo the Chucker (Ogre Hunter)                   Turns: 6714, Time: 00:08:12

Health: -7/66      AC:  4    Str: 19    XL:     6   Next: 66%
Magic:  6/6        EV: 10    Int: 12    God:
Gold:   134        SH:  0    Dex:  9    Spells: 5/5 levels left

rFire   + . .      SeeInvis .   a - +1 dagger (speed)
rCold   . . .      Faith    .   (no shield)
rNeg    . . .      Spirit   .   b - +0 robe
rPois   .          Reflect  .   (helmet restricted)
rElec   .          Harm     .   m - +0 cloak
rCorr   +          Rampage  .   (gloves unavailable)
Will    .....                   (boots unavailable)
Stlth   +.........              x - amulet of magic regeneration
HPRegen 0.21/turn               t - ring of resist corrosion
MPRegen 0.50/turn               w - ring of protection from fire

@: no status effects
A: large, unfitting armour, tough skin 1
a: no special abilities


You were on level 5 of the Dungeon.
You visited 1 branch of the dungeon, and saw 5 of its levels.

You collected 134 gold pieces.

Inventory:

Hand Weapons
 a - a +1 dagger of speed (weapon)
 o - a +0 short sword
 q - a +0 mace
Missiles
 d - a throwing net (quivered)
 g - 225 stones
 h - 46 sling bullets
 r - 4 boomerangs
 u - 3 poisoned darts
Armour
 b - a +0 robe (worn)
 m - a +0 cloak (worn)
Jewellery
 t - a ring of resist corrosion (left hand)
 v - a ring of ice
 w - a ring of protection from fire (right hand)
 x - an amulet of magic regeneration (around neck)
Scrolls
 e - a scroll of teleportation
 f - a scroll of brand weapon {unknown}
 i - a scroll of acquirement {unknown}
 k - a scroll of enchant armour {unknown}
 n - a scroll of fog {unknown}
 s - a scroll of immolation {unknown}
 y - a scroll of silence {unknown}
Potions
 j - a potion of haste
 l - a potion of might
 p - a potion of curing
 z - a potion of lignification {unknown}
 A - a potion of degeneration {unknown}
 B - a potion of attraction {unknown}


   Skills:
 + Level 5.4 Fighting
 * Level 6.7 Throwing
 - Level 2.0 Dodging
 - Level 0.6 Stealth


You had 5 spell levels left.
You didn't know any spells.
Your spell library contained the following spells:

 Spells                   Type           Power      Damage    Failure   Level
 Searing Ray              Conj           0%         2d4       45%         2
 Confusing Touch          Hex            0%         N/A       69%         3
 Ignite Poison            Fire/Tmut/Pois 0%         N/A       69%         3
 Stone Arrow              Conj/Erth      0%         3d7       69%         3
 Iskenderun's Battlesphe  Conj           0%         2d6       100%        5
 Yara's Violent Unravell  Hex/Tmut       0%         3d3       100%        5
 Statue Form              Tmut/Erth      0%         N/A       100%        6
 Enfeeble                 Hex            0%         N/A       100%        7


Dungeon Overview and Level Annotations

Branches:
Dungeon (5/15)
 Temple: D:4-7

Altars:
Fedhas


Innate Abilities, Weirdness & Mutations

You are too large for most types of armour.
You have tough skin. (AC +1)


Message History

Press: ? - help, Q - select action, (/) - cycle Shift-Dir - straight line, f - you
Okay, then.
Throw: 4 boomerangs
Press: ? - help, Q - select action, (/) - cycle Shift-Dir - straight line, f - ogre
Aim: an ogre, wielding a +0 giant club (75% to hit)
You throw a boomerang. The boomerang closely misses the ogre.
Unknown command.
Throw: 5 large rocks
Press: ? - help, Q - select action, (/) - cycle Shift-Dir - straight line, f/p - ogre
Aim: an ogre, wielding a +0 giant club (75% to hit)
You throw a large rock. The large rock hits the ogre.
The ogre is lightly wounded.
The ogre hits you with a +0 giant club!
Throw: 4 large rocks
Press: ? - help, Q - select action, (/) - cycle Shift-Dir - straight line, f/p - ogre
Aim: an ogre, wielding a +0 giant club (lightly wounded, 75% to hit)
You throw a large rock. The large rock hits the ogre.
The ogre is moderately wounded.
The ogre closely misses you. The ogre hits you with a +0 giant club!
Throw: 3 large rocks
Press: ? - help, Q - select action, (/) - cycle Shift-Dir - straight line, f/p - ogre
Aim: an ogre, wielding a +0 giant club (moderately wounded, 75% to hit)
You throw a large rock. The large rock barely misses the ogre.
The ogre hits you with a +0 giant club!
Unknown command.
Throw: 2 large rocks
Press: ? - help, Q - select action, (/) - cycle Shift-Dir - straight line, f/p - ogre
Aim: an ogre, wielding a +0 giant club (moderately wounded, 75% to hit)
You throw a large rock. The large rock closely misses the ogre.
The ogre barely misses you.
Unknown command.
Throw: large rock
Press: ? - help, Q - select action, (/) - cycle Shift-Dir - straight line, f/p - ogre
Aim: an ogre, wielding a +0 giant club (moderately wounded, 75% to hit)
You throw a large rock. The large rock hits the ogre!
The ogre is severely wounded.
The ogre hits you with a +0 giant club!
* * * LOW HITPOINT WARNING * * *
The ogre hits you with a +0 giant club!!
You die...

### ###### #########.##
#...[# ...........## #.##.##
.######.....## #.#8.8###
<..).........#######.......#
.######.........@O..(#8.8#..#
.# #.......############.###.#
.# #.##.....# #.# .#
.###.##.###.# #.# # ........#
... ..# .###[...# .##. ###
#.#.###(.... #.. .#.. .###..
#.# .#.. .#.### #.#


You could see an ogre.

Vanquished Creatures
  2 orc priests
  2 orc wizards
  Terence (D:2)
  A scorpion zombie (D:4)
  An iguana (D:5)
  A hound skeleton (D:4)
  3 adders
  2 worms
  2 dart slugs
  14 orcs
  5 ball pythons
  6 bats
  8 endoplasms
  6 giant cockroaches
  11 goblins
  4 hobgoblins
  11 jackals
  10 kobolds
  3 quokkas
  4 frilled lizards
  8 rats
105 creatures vanquished.

Vanquished Creatures (others)
  5 plants (D:4)
5 creatures vanquished.

Grand Total: 110 creatures vanquished

Notes
Turn   | Place    | Note
-------+----------+-------------------------------------------
     0 | D:1      | demenzo the Ogre Hunter began the quest for the Orb.
     0 | D:1      | Reached XP level 1. HP: 22/22 MP: 1/1
   119 | D:1      | Reached XP level 2. HP: 23/31 MP: 2/2
   713 | D:1      | Reached XP level 3. HP: 37/37 MP: 3/3
  1291 | D:2      | Noticed Terence
  1667 | D:2      | Reached skill level 5 in Throwing
  1729 | D:2      | Reached XP level 4. HP: 44/48 MP: 4/4
  2052 | D:2      | Killed Terence
  2886 | D:3      | HP: 1/48 [orc/+0 club (5)]
  2889 | D:3      | Reached XP level 5. HP: 6/54 MP: 5/5
  3567 | D:3      | Found a faded altar of an unknown god.
  3602 | D:3      | Got the Almanac of Combat Magic and Transmigration
  4424 | D:4      | Reached skill level 6 in Throwing
  4873 | D:4      | Reached XP level 6. HP: 31/65 MP: 6/6
  5203 | D:4      | Reached skill level 5 in Fighting
  6184 | D:5      | Entered Level 5 of the Dungeon
  6194 | D:5      | Found a blossoming altar of Fedhas.
  6714 | D:5      | Mangled by an ogre

Illustrated notes

Levels and vault maps discovered:
D:1:      dpeg_arrival_oval, layout_loops_ring
D:2:      layout_basic, uniq_terence
D:3:      layout_loops_ring, chequers_ecumenical_altar_island
D:4:      layout_loops_ring, serial_rivers, chequers_serial_rivers_room_b,
          chequers_serial_rivers_micro_a, chequers_serial_rivers_micro_d,
          chequers_serial_rivers_large_b, chequers_serial_rivers_small_b,
          st_stairs_2, serial_bayou_lagoon_b
D:5:      nicolae_BIG_FREAKIN_CUBE, layout_loops_ring,
          mainiacjoe_overflow_cross_hatched, small_statue_intersection,
          chequers_serial_rivers_micro_d

Skill      XL: |  1  2  3  4  5  6 |
---------------+-------------------+-----
Fighting       | 3 4 5 |  5.4
Dodging        | 2 |  2.0
Throwing       | 5 6 |  6.7
Stealth        | |  0.6

Action                   |  1- 3 |  4- 6 || total
-------------------------+-------+-------++-------
Melee: Short sword       |   175 |    34 ||   209
       Dagger            |       |   356 ||   356
       Punch             |       |     5 ||     5
Throw: Large rock        |       |    21 ||    21
       Throwing net      |       |     3 ||     3
       Boomerang         |       |     8 ||     8
       Dart              |       |     7 ||     7
  Use: Potion            |       |     1 ||     1
       Scroll            |       |     3 ||     3
 Stab: Sleeping          |     2 |     4 ||     6
       Held in net/web   |       |     1 ||     1
Armor: Robe              |    61 |    99 ||   160
Dodge: Dodged            |   103 |   127 ||   230
